SAA
CHESAPEAKE CONTINENTALS @ RICHLAND RAILS
09/05/2023
 
TOP OF THE 1ST
Chesapeake Continentals batting - Pitching for Richland Rails : RHP Kozue Koga
Pitching: RHP Kozue Koga
Batting: RHB Héctor Hernández 0-0: Swinging Strike
0-1: Swinging Strike
0-2: Strikes out swinging
Batting: LHB Cole Thrash 0-0: Ball
1-0: SINGLE (Flyball, 9S)
Batting: RHB Mike Peterson 0-0: Called Strike
0-1: SINGLE (Line Drive, 89M)
Cole Thrash to second
Batting: LHB Arturo Ballina 0-0: Called Strike
0-1: Ball
1-1: Called Strike
1-2: Foul Ball, location: 2F
1-2: Strikes out swinging
Batting: LHB Roberto Sánchez 0-0: Called Strike
0-1: Ball
1-1: Ground out 4-3 (Groundball, 4)
Top of the 1st over - 0 run(s), 2 hit(s), 0 error(s), 2 left on base; Chesapeake 0 - Richland 0
BOTTOM OF THE 1ST
Richland Rails batting - Pitching for Chesapeake Continentals : RHP Kyle McPherson
Pitching: RHP Kyle McPherson
Batting: RHB Ramón Cruz 0-0: Ball
1-0: Called Strike
1-1: Ball
2-1: Foul Ball, location: 2F
2-2: Foul Ball, location: 2F
2-2: Foul Ball, location: 2F
2-2: Foul Ball, location: 2F
2-2: Ball
3-2: Foul Ball, location: 2F
3-2: Fly out, F9 (Flyball, 89M)
Batting: SHB Jasper Otto 0-0: Swinging Strike
0-1: Foul Ball, location: 2F
0-2: Ball
1-2: Ball
2-2: Fly out, F7 (Line Drive, 78M)
Batting: RHB Andrew Hall 0-0: Called Strike
0-1: Foul Ball, location: 2F
0-2: Ball
1-2: Ball
2-2: Ball
3-2: Foul Ball, location: 2F
3-2: Strikes out swinging
Bottom of the 1st over - 0 run(s), 0 hit(s), 0 error(s), 0 left on base; Chesapeake 0 - Richland 0
TOP OF THE 2ND
Chesapeake Continentals batting - Pitching for Richland Rails : RHP Kozue Koga
Batting: SHB Thomas Sherman 0-0: Ball
1-0: Ball
2-0: Ball
3-0: Called Strike
3-1: Called Strike
3-2: Foul Ball, location: 2F
3-2: Ground out 6-3 (Groundball, 6)
Batting: SHB Dominique Prost 0-0: Ball
1-0: Ball
2-0: Fly out, F8 (Flyball, 8RM)
Batting: RHB Miguel Cruz 0-0: Ball
1-0: Swinging Strike
1-1: SINGLE (Groundball, 5)
Batting: RHB Gabriel Guerrero 0-0: Foul Ball, location: 2F
0-1: Foul Ball, location: 2F
0-2: Foul Ball, location: 2F
0-2: Ground out 5-3 (Groundball, 5)
Top of the 2nd over - 0 run(s), 1 hit(s), 0 error(s), 1 left on base; Chesapeake 0 - Richland 0
BOTTOM OF THE 2ND
Richland Rails batting - Pitching for Chesapeake Continentals : RHP Kyle McPherson
Batting: LHB Ángel Aguilar 0-0: Ball
1-0: Ball
2-0: Called Strike
2-1: Called Strike
2-2: Foul Ball, location: 2F
2-2: Ball
3-2: Strikes out swinging
Batting: RHB Jung-hwan Kwon 0-0: Called Strike
0-1: Fly out, F4 (Popup, 4MS)
Batting: LHB Randy Schlosser 0-0: Called Strike
0-1: Swinging Strike
0-2: Ball
1-2: Strikes out looking
Bottom of the 2nd over - 0 run(s), 0 hit(s), 0 error(s), 0 left on base; Chesapeake 0 - Richland 0
TOP OF THE 3RD
Chesapeake Continentals batting - Pitching for Richland Rails : RHP Kozue Koga
Batting: RHB Héctor Hernández 0-0: Ball
1-0: Ball
2-0: Called Strike
2-1: Ball
3-1: DOUBLE (Flyball, 9LM)
Batting: LHB Cole Thrash 0-0: Swinging Strike
0-1: Called Strike
0-2: Fly out, F8 (Flyball, 8RM)
Batting: RHB Mike Peterson 0-0: Called Strike
0-1: Ball
1-1: Ball
2-1: Ball
3-1: Ground out 4-3 (Groundball, 4)
Héctor Hernández to third
Batting: LHB Arturo Ballina 0-0: Swinging Strike
0-1: Ball
1-1: Ball
2-1: SINGLE (Groundball, 34D)
Héctor Hernández scores
Batting: LHB Roberto Sánchez 0-0: Called Strike
0-1: Ball
1-1: Fly out, F7 (Flyball, 78D)
Top of the 3rd over - 1 run(s), 2 hit(s), 0 error(s), 1 left on base; Chesapeake 1 - Richland 0
BOTTOM OF THE 3RD
Richland Rails batting - Pitching for Chesapeake Continentals : RHP Kyle McPherson
Batting: RHB Ichiyo Fujii 0-0: Ball
1-0: Bunt for hit - play at first, batter safe!
Batting: RHB Kazu Hishida 0-0: Ball
1-0: Called Strike
1-1: Foul Ball, location: 2F
1-2: Foul Ball, location: 2F
1-2: Ball
2-2: Fly out, F8 (Flyball, 78M)
Batting: RHB Quigley Gibson 0-0: Foul Ball, location: 2F
0-1: Foul Ball, location: 2F
0-2: Ground out 5-3 (Groundball, 5S)
Ichiyo Fujii to second
Batting: RHB Ramón Cruz 0-0: Called Strike
0-1: Ball
1-1: Called Strike
1-2: Strikes out swinging
Bottom of the 3rd over - 0 run(s), 1 hit(s), 0 error(s), 1 left on base; Chesapeake 1 - Richland 0
TOP OF THE 4TH
Chesapeake Continentals batting - Pitching for Richland Rails : RHP Kozue Koga
Batting: SHB Thomas Sherman 0-0: Called Strike
0-1: Foul Ball, location: 2F
0-2: Ground out 4-3 (Groundball, 4M)
Batting: SHB Dominique Prost 0-0: Ball
1-0: Called Strike
1-1: Called Strike
1-2: Foul Ball, location: 2F
1-2: Ball
2-2: Foul Ball, location: 2F
2-2: Ball
3-2: Fly out, F8 (Flyball, 8RM)
Batting: RHB Miguel Cruz 0-0: Fly out, F8 (Line Drive, 8LM)
Top of the 4th over - 0 run(s), 0 hit(s), 0 error(s), 0 left on base; Chesapeake 1 - Richland 0
BOTTOM OF THE 4TH
Richland Rails batting - Pitching for Chesapeake Continentals : RHP Kyle McPherson
Batting: SHB Jasper Otto 0-0: Ground out 6-3 (Groundball, 6M)
Batting: RHB Andrew Hall 0-0: Called Strike
0-1: Ball
1-1: Ball
2-1: Reached on Error, E9 (Flyball, 9D)
Batting: LHB Ángel Aguilar 0-0: Ball
1-0: SINGLE (Groundball, 4MD) (infield hit)
Andrew Hall to third
Batting: RHB Jung-hwan Kwon 0-0: Called Strike
0-1: Ball
1-1: Ball
2-1: Ground out 2-3 (Groundball, 15S)
Ángel Aguilar to second
Batting: LHB Randy Schlosser 0-0: Ball
1-0: Ball
2-0: Foul Ball, location: 2F
2-1: Called Strike
2-2: Ball
3-2: Foul Ball, location: 2F
3-2: Base on Balls
Batting: RHB Ichiyo Fujii 0-0: Foul Ball, location: 2F
0-1: Ground out 6-3 (Groundball, 6)
Bottom of the 4th over - 0 run(s), 1 hit(s), 1 error(s), 3 left on base; Chesapeake 1 - Richland 0
TOP OF THE 5TH
Chesapeake Continentals batting - Pitching for Richland Rails : RHP Kozue Koga
Batting: RHB Gabriel Guerrero 0-0: Called Strike
0-1: SINGLE (Groundball, 6MD) (infield hit)
Batting: RHB Héctor Hernández 0-0: Sac Bunt - play at first, batter OUT! 1-3
Gabriel Guerrero to second
Batting: LHB Cole Thrash 0-0: Ball
1-0: Foul Ball, location: 2F
1-1: Swinging Strike
1-2: Ball
2-2: Foul Ball, location: 2F
2-2: Ball
3-2: Ground out 4-3 (Groundball, 4M)
Gabriel Guerrero to third
Pitching: RHP Luis Bejarano
Batting: RHB Mike Peterson 0-0: Ball
1-0: Foul Ball, location: 2F
1-1: Ball
2-1: Called Strike
Reached via error on a dropped throw, E3
Gabriel Guerrero scores
Batting: LHB Arturo Ballina 0-0: Ball
1-0: Foul Ball, location: 2F
1-1: Ground out 4-3 (Groundball, 34)
Top of the 5th over - 1 run(s), 1 hit(s), 1 error(s), 1 left on base; Chesapeake 2 - Richland 0
BOTTOM OF THE 5TH
Richland Rails batting - Pitching for Chesapeake Continentals : RHP Kyle McPherson
Batting: RHB Kazu Hishida 0-0: Ball
1-0: Ball
2-0: Swinging Strike
2-1: DOUBLE (Line Drive, 7M)
Batting: RHB Quigley Gibson 0-0: Called Strike
0-1: Foul Ball, location: 2F
0-2: Ball
1-2: Strikes out swinging
Batting: RHB Ramón Cruz 0-0: Ball
1-0: Fly out, F8 (Flyball, 8LM)
Batting: SHB Jasper Otto 0-0: Called Strike
0-1: Ball
1-1: Ball
2-1: Swinging Strike
2-2: Strikes out swinging
Bottom of the 5th over - 0 run(s), 1 hit(s), 0 error(s), 1 left on base; Chesapeake 2 - Richland 0
TOP OF THE 6TH
Chesapeake Continentals batting - Pitching for Richland Rails : RHP Luis Bejarano
Batting: LHB Roberto Sánchez 0-0: Called Strike
0-1: Foul Ball, location: 2F
0-2: Ball
1-2: Foul Ball, location: 2F
1-2: Ground out 4-3 (Groundball, 4)
Batting: SHB Thomas Sherman 0-0: Foul Ball, location: 2F
0-1: SINGLE (Groundball, 34D)
Batting: SHB Dominique Prost 0-0: Ball
1-0: Ball
2-0: Foul Ball, location: 2F
2-1: Called Strike
2-2: Strikes out swinging
Batting: RHB Miguel Cruz 0-0: SINGLE (Groundball, 56D)
Thomas Sherman to second
Batting: RHB Gabriel Guerrero 0-0: Called Strike
0-1: Ball
1-1: Foul Ball, location: 2F
1-2: Ball
2-2: Ground out 4-3 (Groundball, 4)
Top of the 6th over - 0 run(s), 2 hit(s), 0 error(s), 2 left on base; Chesapeake 2 - Richland 0
BOTTOM OF THE 6TH
Richland Rails batting - Pitching for Chesapeake Continentals : RHP Kyle McPherson
Batting: RHB Andrew Hall 0-0: Called Strike
0-1: Called Strike
0-2: Foul Ball, location: 2F
0-2: Ball
1-2: Ball
2-2: Foul Ball, location: 2F
2-2: Ball
3-2: Base on Balls
Batting: LHB Ángel Aguilar 0-0: Ball
1-0: Foul Ball, location: 2F
1-1: Called Strike
1-2: Foul Ball, location: 2F
1-2: Foul Ball, location: 2F
1-2: Ball
2-2: Fly out, F8 (Line Drive, 89D)
Batting: RHB Jung-hwan Kwon 0-0: Called Strike
0-1: Fly out, F7 (Flyball, 7D)
Runner from 1st tags up, SAFE at 2nd
Batting: LHB Randy Schlosser 0-0: Swinging Strike
0-1: Ball
1-1: Foul Ball, location: 2F
1-2: Foul Ball, location: 2F
1-2: Fly out, F5 (Popup, 5SF)
Bottom of the 6th over - 0 run(s), 0 hit(s), 0 error(s), 1 left on base; Chesapeake 2 - Richland 0
TOP OF THE 7TH
Chesapeake Continentals batting - Pitching for Richland Rails : RHP Luis Bejarano
Batting: RHB Héctor Hernández 0-0: Called Strike
0-1: Ball
1-1: Called Strike
1-2: Ball
2-2: SINGLE (Groundball, 56D)
Batting: LHB Cole Thrash 0-0: Bunted foul
0-1: Bunted foul
0-2: Foul Ball, location: 2F
0-2: Fly out, F9 (Flyball, 89S)
Batting: RHB Mike Peterson 0-0: Ball
1-0: Called Strike
1-1: Foul Ball, location: 2F
1-2: Strikes out swinging
Batting: LHB Arturo Ballina 0-0: Called Strike
0-1: Foul Ball, location: 2F
0-2: Foul Ball, location: 2F
0-2: Foul Ball, location: 2F
0-2: Ball
1-2: 2-RUN HOME RUN (Flyball, 9D), Distance : 371 ft
Pitching: RHP Rick Kennedy
Batting: LHB Roberto Sánchez 0-0: Ball
1-0: SINGLE (Line Drive, 8LS)
Batting: SHB Thomas Sherman 0-0: Ball
1-0: Ball
2-0: Called Strike
2-1: Foul Ball, location: 2F
2-2: Strikes out swinging
Top of the 7th over - 2 run(s), 3 hit(s), 0 error(s), 1 left on base; Chesapeake 4 - Richland 0
BOTTOM OF THE 7TH
Richland Rails batting - Pitching for Chesapeake Continentals : RHP Kyle McPherson
Batting: RHB Ichiyo Fujii 0-0: Foul Ball, location: 2F
0-1: Ball
1-1: Foul Ball, location: 2F
1-2: Ball
2-2: Ball
3-2: Base on Balls
Pitching: RHP Martin Swanson
Batting: RHB Kazu Hishida 0-0: Swinging Strike
0-1: Fly out, F3 (Popup, 3SF)
Batting: RHB Quigley Gibson 0-0: Foul Ball, location: 2F
0-1: Ball
1-1: Ball
2-1: Ball
3-1: Base on Balls
Ichiyo Fujii to second
Batting: RHB Ramón Cruz 0-0: Swinging Strike
0-1: Ball
1-1: Foul Ball, location: 2F
1-2: Strikes out looking
Batting: SHB Jasper Otto 0-0: Ball
1-0: Called Strike
1-1: Foul Ball, location: 2F
1-2: Strikes out swinging
Bottom of the 7th over - 0 run(s), 0 hit(s), 0 error(s), 2 left on base; Chesapeake 4 - Richland 0
TOP OF THE 8TH
Chesapeake Continentals batting - Pitching for Richland Rails : RHP Rick Kennedy
Batting: SHB Dominique Prost 0-0: Ball
1-0: Called Strike
1-1: Foul Ball, location: 2F
1-2: Foul Ball, location: 2F
1-2: Strikes out looking
Batting: RHB Miguel Cruz 0-0: Ball
1-0: Foul Ball, location: 2F
1-1: Ball
2-1: Ball
3-1: Base on Balls
Batting: RHB Gabriel Guerrero 0-0: Ball
1-0: Called Strike
1-1: Foul Ball, location: 2F
1-2: DOUBLE (Flyball, 78M)
Miguel Cruz to third
Runner from 3rd tries for Home, throw and OUT!
Gabriel Guerrero to third
Batting: RHB Héctor Hernández 0-0: Called Strike
0-1: Ball
1-1: Ball
2-1: Ball
3-1: Base on Balls
Batting: LHB Cole Thrash 0-0: Ball
1-0: Ball
2-0: Fly out, F7 (Flyball, 7M)
Top of the 8th over - 0 run(s), 1 hit(s), 0 error(s), 2 left on base; Chesapeake 4 - Richland 0
BOTTOM OF THE 8TH
Richland Rails batting - Pitching for Chesapeake Continentals : RHP Martin Swanson
Batting: RHB Andrew Hall 0-0: SINGLE (Line Drive, 7LM)
Batting: LHB Ángel Aguilar 0-0: Ball
1-0: Ball
2-0: Foul Ball, location: 2F
2-1: Swinging Strike
2-2: Foul Ball, location: 2F
2-2: Foul Ball, location: 2F
2-2: Grounds into double play, 6-4-3 (Groundball, 6M)
Batting: RHB Jung-hwan Kwon 0-0: Foul Ball, location: 2F
0-1: Foul Ball, location: 2F
0-2: Fly out, F3 (Popup, 3F)
Bottom of the 8th over - 0 run(s), 1 hit(s), 0 error(s), 0 left on base; Chesapeake 4 - Richland 0
TOP OF THE 9TH
Chesapeake Continentals batting - Pitching for Richland Rails : RHP Rick Kennedy
Batting: RHB Mike Peterson 0-0: Ball
1-0: Ball
2-0: Called Strike
2-1: Ball
3-1: Base on Balls
Batting: LHB Arturo Ballina 0-0: Called Strike
0-1: Ball
1-1: Swinging Strike
1-2: SINGLE (Line Drive, 4M)
Mike Peterson to second
Batting: LHB Roberto Sánchez 0-0: Ball
1-0: Ball
2-0: Foul Ball, location: 2F
2-1: Ball
3-1: Foul Ball, location: 2F
3-2: Foul Ball, location: 2F
3-2: Foul Ball, location: 2F
3-2: Base on Balls
Mike Peterson to third
Arturo Ballina to second
Batting: SHB Thomas Sherman 0-0: Grounds into double play, 1-2-3 (Groundball, 23)
Arturo Ballina to third
Roberto Sánchez to second
Batting: SHB Dominique Prost 0-0: Called Strike
0-1: Ball
1-1: Foul Ball, location: 2F
1-2: Foul Ball, location: 2F
1-2: Ball
2-2: Fly out, F4 (Popup, 4)
Top of the 9th over - 0 run(s), 1 hit(s), 0 error(s), 2 left on base; Chesapeake 4 - Richland 0
BOTTOM OF THE 9TH
Richland Rails batting - Pitching for Chesapeake Continentals : RHP Martin Swanson
Batting: LHB Randy Schlosser 0-0: Ball
1-0: Called Strike
1-1: Called Strike
1-2: Ground out 1-3 (Groundball, 23)
Batting: RHB Ichiyo Fujii 0-0: Ball
1-0: Ball
2-0: Ground out 5-3 (Groundball, 56)
Batting: RHB Kazu Hishida 0-0: Ground out 6-3 (Groundball, 56)
Bottom of the 9th over - 0 run(s), 0 hit(s), 0 error(s), 0 left on base; Chesapeake 4 - Richland 0
This league is powered by Out of the Park Baseball, the baseball management simulation game for PC, Mac and Linux
Friday, July 8th, 2016 - OOTP Baseball 16.9 Build 39